 Dungeon Crawl Stone Soup version 0.20-a0-540-ge6d1839 (webtiles) character file.

53 Duffy the Chopper (level 3, 0/28 HPs)
             Began as a Naga Gladiator on Jan 29, 2017.
             Slain by a frilled lizard (1 damage)
             ... on level 2 of the Dungeon.
             The game lasted 00:00:56 (1090 turns).

Duffy the Chopper (Naga Gladiator)                  Turns: 1090, Time: 00:00:57

Health: 0/28       AC:  5    Str: 17    XL:     3   Next: 87%
Magic:  3/3        EV:  8    Int:  8    God:
Gold:   44         SH:  0    Dex: 12    Spells: 2/2 levels left

rFire    . . .     SeeInvis +   a - +0 war axe
rCold    . . .     Gourm    .   l - +0 scale mail
rNeg     . . .     Faith    +   (no shield)
rPois    +         Spirit   .   c - +0 helmet
rElec    .         Reflect  .   (no cloak)
rCorr    .         Harm     .   (no gloves)
MR       .....                  (no barding)
Stlth    ..........             n - amulet of faith
Regen    0.1/turn               (no ring)
                                (no ring)

@: very slow
A: stinger 1, see invisible, deformed body, frail 1, poison resistance, slowness
2, slow metabolism 1, spit poison 1, AC +1
a: Spit Poison


You were on level 2 of the Dungeon.
You were not hungry.

You visited 1 branch of the dungeon, and saw 2 of its levels.

You collected 44 gold pieces.

Inventory:

Hand Weapons
 a - a +0 war axe (weapon)
Missiles
 d - 3 throwing nets (quivered)
Armour
 c - a +0 helmet (worn)
 l - a +0 scale mail (worn)
Jewellery
 n - an amulet of faith (around neck)
Scrolls
 e - a scroll of enchant armour {unknown}
 h - a scroll of teleportation
 k - a scroll of identify {unknown}
 m - a scroll of enchant weapon {unknown}
 o - a scroll of remove curse {unknown}
Potions
 p - a potion of heal wounds {unknown}
Comestibles
 b - 5 chunks of flesh
 f - a bread ration
 g - 2 meat rations
 i - 2 royal jellies


   Skills:
 - Level 2.0 Fighting
 + Level 4.6 Axes
 - Level 1.7 Throwing
 - Level 2.4 Dodging


You had 2 spell levels left.
You didn't know any spells.

Dungeon Overview and Level Annotations

Branches:
Dungeon (2/15)

Altars:


Innate Abilities, Weirdness & Mutations

You cannot wear boots.
Your serpentine skin is tough. (AC +1)
You have supernaturally acute eyesight. (SInv)
Armour fits poorly on your strangely shaped body.
Your system is resistant to poisons. (rPois)
You cover ground very slowly.
You have a slow metabolism.
You can spit poison.
Your tail ends in a poisonous barb.
You are frail. (-10% HP)


Message History

The frilled lizard bites you but does no damage.
The rat barely misses you.
You struggle against the net.
The gnoll hits you from afar with a spear.
The rat bites you.
The frilled lizard unfolds its giant frill.
The frilled lizard bites you.
You shred the net and break free!
The gnoll hits you from afar with a spear!
The rat closely misses you. The frilled lizard closely misses you.
The frilled lizard closely misses you. The frilled lizard bites you.
The gnoll hits you from afar with a spear.
The gnoll hits you from afar with a spear!
The frilled lizard bites you.
It was a potion of mutation.
You feel extremely strange.
A poisonous barb forms on the end of your tail.
You feel frail. The frilled lizard bites you.
You die...

######### #.......#
#.......#
#......g#############
.......grl.gl@.....>#
#.......######.######
........# #.#
........# #.#
.....#### #.# .....
####.# ..$. #..#.#
... #..#.# ...
######..#.#


You could see 3 gnolls, 2 frilled lizards and a rat.

Vanquished Creatures
  An adder (D:2)
  A gnoll (D:1)
  3 dart slugs
  A leopard gecko (D:1)
  4 giant cockroaches (D:1)
  3 goblins
  4 hobgoblins
  2 jackals (D:1)
  A bat (D:2)
  2 kobolds (D:1)
  5 rats (D:1)
27 creatures vanquished.

Notes
Turn   | Place    | Note
-------+----------+-------------------------------------------
     0 | D:1      | Duffy the Naga Gladiator began the quest for the Orb.
     0 | D:1      | Reached XP level 1. HP: 19/19 MP: 1/1
   204 | D:1      | Reached XP level 2. HP: 26/26 MP: 2/2
   245 | D:1      | Reached skill level 4 in Axes
   496 | D:1      | Reached XP level 3. HP: 25/32 MP: 3/3
  1088 | D:2      | HP: 1/32 [frilled lizard (2)]
  1090 | D:2      | Gained mutation: Your tail ends in a poisonous barb. [potion of mutation]
  1090 | D:2      | Gained mutation: You are frail. (-10% HP) [potion of mutation]
  1090 | D:2      | Slain by a frilled lizard

Vault maps used:
D:1:      evilmike_arrival_fibonacci_small
D:2:      lemuel_old_faithful, uniq_natasha, uniq_terence, uniq_iyjb

Skill      XL: |  1  2 |
---------------+-------+-----
Axes           | 4 |  4.6
Fighting       | |  2.0
Throwing       | |  1.7
Dodging        | |  2.4

Action                   || total
-------------------------++-------
Melee: War axe           ||    62
 Abil: Spit Poison       ||     3
  Use: Scroll            ||     1
       Potion            ||     1
Armor: Leather armour    ||    12
       Scale mail        ||    21
Dodge: Dodged            ||    40
